 Dungeon Crawl Stone Soup version 0.31-a0-1099-g7fa767f3fe (webtiles) character file.

Game seed: 1202370294890335903

252 Gumption the Ruffian (level 5, 0/52 (53) HPs)
             Began as a Troll Fighter on Dec 1, 2023.
             Slain by a gnoll
             ... wielding a +3 whip of draining
             ... led by a gnoll bouda
              (9 damage)
             ... on level 4 of the Dungeon.
             The game lasted 00:05:52 (1807 turns).

Gumption the Ruffian (Troll Fighter)                Turns: 1807, Time: 00:05:52

HP:   0/52 (53)     AC:  4    Str: 24    XL:     5   Next: 89%
MP:   4/4           EV:  9    Int:  4    God:
Gold: 123           SH:  8    Dex: 11    Spells: 4/4 levels left

rFire   . .          .
                       - Unarmed
rCold   . . .        b - +0 kite shield
rNeg    . . .        a - +0 robe
rPois   .            (helmet restricted)
rElec   .            (no cloak)
rCorr   .            (gloves unavailable)
SInv    .            (boots unavailable)
Will    .....        (no amulet)
Stlth   +            k - +4 ring of slaying
HPRegen 1.08/turn    (no ring)
MPRegen 0.09/turn

%: no passive effects
@: lightly drained
A: large, unfitting armour, claws 3, regeneration 1, shaggy fur 1, tough skin 1
a: no special abilities


You were on level 4 of the Dungeon.
You visited 1 branch of the dungeon, and saw 4 of its levels.

You collected 123 gold pieces.

Inventory:

Missiles
 f - 35 stones (quivered)
 g - 6 poisoned darts
 j - 5 javelins
Armour
 a - a +0 robe (worn)
 b - a +0 kite shield (worn)
Jewellery
 k - a +4 ring of slaying (left claw)
Scrolls
 d - a scroll of torment {unknown}
 h - a scroll of teleportation
 i - a scroll of revelation {unknown}
 m - a scroll of identify {unknown}
Potions
 c - a potion of might
 e - a potion of magic {unknown}
 l - a potion of invisibility {unknown}
 n - a potion of heal wounds {unknown}


   Skills:
 + Level 3.4 Fighting
 - Level 2.4 Dodging
 + Level 3.8 Shields
 * Level 4.6 Unarmed Combat


You had 4 spell levels left.
You didn't know any spells.
Your spell library contained the following spells:

 Spells                   Type           Power      Damage    Failure   Level
 Ignite Poison            Fire/Tmut/Pois 0%         N/A       98%         3
 Sticky Flame             Conj/Fire      0%         2d3       100%        4
 Ignition                 Fire           0%         3d3       100%        8


Dungeon Overview and Level Annotations

Branches:
Dungeon (4/15)
 Temple: D:4-7

Altars:
Fedhas
Yredelemnul


Innate Abilities, Weirdness & Mutations

You are too large for most types of armour.
You have claws for hands.
Your natural rate of healing is unusually fast.
You are covered in fur. (AC +1)
You have tough skin. (AC +1)


Message History

You claw the gnoll bouda!
The gnoll bouda is severely wounded.
The gnoll is no longer moving quickly.
The gnoll bouda hits you with a +0 club.
* * * LOW HITPOINT WARNING * * *
The endoplasm barely misses you.
You claw the gnoll bouda!
You kill the gnoll bouda!
The gnoll is no longer moving quickly.
The endoplasm hits you but does no damage.
You claw the gnoll!
The gnoll is severely wounded.
The gnoll hits you with a +0 flail!
* * * LOW HITPOINT WARNING * * *
The endoplasm freezes you.
You are frozen.
* * * LOW HITPOINT WARNING * * *
You scratch the gnoll.
You kill the gnoll!
The endoplasm barely misses you.
You claw the gnoll!
The gnoll is almost dead.
The endoplasm hits you.
* * * LOW HITPOINT WARNING * * *
The gnoll hits you but does no damage.
You scratch the gnoll.
You kill the gnoll!
The endoplasm closely misses you.
You scratch the gnoll.
The gnoll is heavily wounded.
The endoplasm jiggles.
The endoplasm freezes you.
You are frozen.
* * * LOW HITPOINT WARNING * * *
The gnoll hits you but does no damage.
You feel drained.
You barely miss the gnoll.
The gnoll is heavily wounded.
The endoplasm barely misses you.
The gnoll hits you with a +3 whip of draining!
You die...

#### #†.........
....##..>###.###
#.....)#
##.....# ##...##
.######..#
....g....#
#######g## #@#
#..J# #.....#
#.......#
#.........#
.'...........
###............
##.......#.##


You could see a gnoll and an endoplasm.

Vanquished Creatures
  An ogre (D:4)
  A hound (D:4)
  A gnoll bouda (D:4)
  2 gnolls (D:4)
  3 adders
  A worm (D:4)
  3 dart slugs
  2 orcs (D:3)
  4 endoplasms
  6 giant cockroaches
  A goblin (D:2)
  4 hobgoblins
  5 jackals
  A quokka (D:2)
  3 ball pythons
  2 bats
  4 frilled lizards
  5 kobolds
  8 rats
57 creatures vanquished.

Notes
Turn   | Place    | Note
-------+----------+-------------------------------------------
     0 | D:1      | Gumption the Troll Fighter began the quest for the Orb.
     0 | D:1      | Reached XP level 1. HP: 22/22 MP: 0/0
   210 | D:1      | Reached XP level 2. HP: 26/29 MP: 1/1
   710 | D:2      | Reached XP level 3. HP: 36/36 MP: 2/2
   890 | D:2      | Reached skill level 3 in Unarmed Combat
   893 | D:2      | Found a basalt altar of Yredelemnul.
  1264 | D:3      | Found a blossoming altar of Fedhas.
  1388 | D:3      | Reached XP level 4. HP: 44/44 MP: 3/3
  1579 | D:4      | Noticed an ogre
  1589 | D:4      | Killed an ogre
  1590 | D:4      | Reached skill level 4 in Unarmed Combat
  1590 | D:4      | Reached XP level 5. HP: 53/53 MP: 4/4
  1807 | D:4      | Slain by a gnoll

Illustrated notes

Levels and vault maps discovered:
D:1:      minmay_arrival_split_and_join, layout_basic, minmay_misc_feat_enclosed
D:2:      layout_loops_ring, basic_altar
D:3:      minmay_chambers_of_twos, layout_loops_cross,
          nicolae_overflow_hidden_temple
D:4:      layout_loops_corners, serial_shops, shop, minmay_circle_x

Skill      XL: |  1  2  3  4 |
---------------+-------------+-----
Shields        | 3 |  3.8
Unarmed Combat | 3 4 |  4.6
Fighting       | 3 |  3.4
Dodging        | |  2.4

Action                     |  1- 3 |  4- 6 || total
---------------------------+-------+-------++-------
  Melee: Unarmed           |    79 |    42 ||   121
  Throw: Stone             |     6 |     3 ||     9
    Use: Scroll            |     1 |       ||     1
 Armour: Robe              |    45 |    20 ||    65
  Dodge: Dodged            |    26 |    15 ||    41
  Block: Kite shield       |    28 |    11 ||    39

Table legend: (Time is in decaauts)
 A = Elapsed time spent in this place.
 B = Non-inter-level travel time spent in this place.
 C = Inter-level travel time spent in this place.
 D = Time resting spent in this place.
 E = Time spent auto-exploring this place.
 F = Levels seen in this place.
 G = Mean time per level.
                   A        B        C        D        E       F      G
               +--------+--------+--------+--------+--------+-----+--------+
         Total |   1814 |   1733 |     81 |      5 |   1202 |   4 |  453.5 |
       Dungeon |   1814 |   1733 |     81 |      5 |   1202 |   4 |  453.5 |
               +--------+--------+--------+--------+--------+-----+--------+

Top non-repeatable levels by time:
     D:1: 680 daAuts
     D:2: 603 daAuts
     D:4: 298 daAuts
     D:3: 231 daAuts
